 Dungeon Crawl Stone Soup version 0.30.1 (webtiles) character file.

Game seed: 2906895983520260381

95 GeoRichter the Chopper (level 4, -6/36 HPs)
             Began as a Draconian Warper on July 8, 2023.
             Killed from afar by Ijyb (13 damage)
             ... with an iceblast
             ... on level 3 of the Dungeon.
             The game lasted 00:03:31 (1657 turns).

GeoRichter the Chopper (Draconian Warper)           Turns: 1657, Time: 00:03:32

Health: -6/36      AC:  6    Str: 20    XL:     4   Next: 40%
Magic:  7/7        EV: 12    Int: 15    God:
Gold:   179        SH:  0    Dex: 10    Spells: 5/7 levels left

rFire   . . .        a - +0 hand axe
rCold   . . .        (no shield)
rNeg    . . .        (body armour unavailable)
rPois   .            (helmet restricted)
rElec   .            (no cloak)
rCorr   .            q - +0 pair of gloves
SInv    .            (no boots)
Will    .....        (no amulet)
Stlth   +            h - +6 ring of strength
HPRegen 0.26/turn    (no ring)
MPRegen 0.10/turn

%: no passive effects
@: no status effects
A: AC +5, unfitting armour, cold-blooded
a: no special abilities


You were on level 3 of the Dungeon.
You visited 1 branch of the dungeon, and saw 3 of its levels.

You collected 179 gold pieces.

Inventory:

Hand Weapons
 a - a +0 hand axe (weapon)
Missiles
 c - 7 boomerangs of dispersal (quivered) {!f}
Armour
 q - a +0 pair of gloves (worn)
   (You found it on level 2 of the Dungeon)
 s - a +0 kite shield of fire resistance
   (You found it on level 3 of the Dungeon)
Jewellery
 h - a +6 ring of strength (left hand)
   (You found it on level 1 of the Dungeon)
Wands
 n - a wand of flame (25)
   (You found it on level 2 of the Dungeon)
Scrolls
 b - 3 scrolls of blinking
 d - a scroll of enchant armour {unknown}
 e - a scroll of amnesia
 f - a scroll of vulnerability {unknown}
 j - a scroll of noise {unknown}
 l - 2 scrolls of identify {unknown}
 r - a scroll of poison {unknown}
Potions
 g - 2 potions of flight {unknown}
 i - a potion of heal wounds {unknown}
 k - a potion of mutation {unknown}
 m - a potion of resistance {unknown}
 o - 2 potions of haste {unknown}
 p - 4 potions of lignification {unknown}


   Skills:
 - Level 2.1 Fighting
 * Level 4.5 Axes
 - Level 0.8 Throwing
 - Level 2.1 Dodging
 - Level 2.0 Spellcasting
 + Level 3.2 Translocations


You had 5 spell levels left.
You knew the following spells:

 Your Spells              Type           Power      Damage    Failure   Level
a - Blink                 Tloc           22%        N/A       9%          2

Your spell library contained the following spells:

 Spells                   Type           Power      Damage    Failure   Level
 Lesser Beckoning         Tloc           22%        N/A       9%          2
 Teleport Other           Tloc           11%        N/A       17%         3
 Sublimation of Blood     Necr           1%         N/A       32%         2
 Wereblood                Tmut           1%         N/A       32%         2
 Vhi's Electric Charge    Tloc/Air       12%        N/A       34%         3
 Manifold Assault         Tloc           11%        N/A       50%         4
 Summon Hydra             Summ           0%         N/A       100%        7


Dungeon Overview and Level Annotations

Branches:
Dungeon (3/15) Zot: 16319

Altars:

Annotations:
D:3 Ijyb


Innate Abilities, Weirdness & Mutations

Your plain brown scales are hard. (AC +5)
You cannot fit into any form of body armour.
You are cold-blooded and may be slowed by cold attacks.


Message History

There are monsters nearby!
There are monsters nearby!
The endoplasm quivers.
The endoplasm jiggles.
The ball python hisses angrily.
You closely miss the ball python.
You tail-slap the ball python, but do no damage.
The ball python barely misses you. The ball python completely misses you.
The ball python closely misses you. The ball python grabs you.
The ball python constricts you.
You slash the ball python!
You kill the ball python!
The endoplasm freezes you.
You are frozen.
You hit the endoplasm. You tail-slap the endoplasm.
You kill the endoplasm!
No target in view!
p - 4 lumpy silvery potions (gained 2)
Found 11 gold pieces.
A kobold comes into view.
It is wielding a +0 dagger and quivering poisoned darts.
Found a robe and 13 gold pieces.
A kobold is nearby!
A kobold is nearby!
A kobold is nearby!
Found a stone staircase leading up.
The kobold throws a poisoned dart.
The poisoned dart closely misses you.
You see here 11 gold pieces.
You closely miss the kobold. The kobold closely misses you.
You hit the kobold.
You kill the kobold!
No target in view!
You now have 166 gold pieces (gained 11).
Things that are here:
a +0 dagger; 7 poisoned darts; a kobold corpse You now have 179 gold pieces (gained 13).
Ijyb the Twisted Goblin comes into view.
She is wielding a +0 dagger and carrying a wand of iceblast (8).
Ijyb shouts!
You hear a shout!
A goblin comes into view. It is wielding a +0 dagger.
Ijyb zaps a wand.
The mass of ice explodes!
The iceblast engulfs you!
You hear a shout!
Ijyb zaps a wand.
The mass of ice explodes!
The iceblast engulfs you!
* * * LOW HITPOINT WARNING * * *
Ijyb zaps a wand.
The mass of ice explodes!
The iceblast engulfs you!
* * * LOW HITPOINT WARNING * * *
There is a stone staircase leading up here.
Ijyb zaps a wand.
The mass of ice explodes!
The iceblast engulfs you!
You die...

#.###.# #.# #.#
###########.# #.#
#........[..# #.####
#...........###.....
#............##.....
#.......)....##.....
#............##.....
#..@.......####.....
#...........###.....
#.............#.....
########g.#.#.......
#........#.#.#.####
#.######.#...#.....
#.##..####..
#...........
#..######...


You could see Ijyb.

Vanquished Creatures
  4 adders
  3 worms
  2 dart slugs
  2 bats (D:3)
  5 endoplasms
  A giant cockroach (D:3)
  2 goblins
  4 hobgoblins
  10 jackals
  A quokka (D:3)
  3 ball pythons
  A frilled lizard (D:1)
  6 kobolds
  2 rats
46 creatures vanquished.

Notes
Turn   | Place    | Note
-------+----------+-------------------------------------------
     0 | D:1      | GeoRichter the Draconian Warper began the quest for the
                  | Orb.
     0 | D:1      | Reached XP level 1. HP: 17/17 MP: 3/3
   200 | D:1      | Reached XP level 2. HP: 17/24 MP: 5/5
   327 | D:1      | Reached skill level 3 in Axes
  1019 | D:2      | Reached XP level 3. HP: 29/29 MP: 6/6
  1076 | D:2      | Reached skill level 4 in Axes
  1100 | D:1      | Learned a level 2 spell: Blink
  1344 | D:3      | Reached XP level 4. HP: 34/36 MP: 7/7
  1644 | D:3      | Noticed Ijyb
  1657 | D:3      | Killed from afar by Ijyb

Illustrated notes

Levels and vault maps discovered:
D:1:      lightli_arrival_chessboard, layout_basic
D:2:      layout_basic
D:3:      layout_basic, uniq_sigmund, uniq_ijyb, uniq_crazy_yiuf_cottage

Skill      XL: |  1  2  3 |
---------------+----------+-----
Axes           | 3 4 |  4.5
Fighting       | |  2.1
Throwing       | |  0.8
Dodging        | |  2.1
Spellcasting   | |  2.0
Translocations | |  3.2

Action                     |  1- 3 |  4- 6 || total
---------------------------+-------+-------++-------
  Melee: Hand axe          |   113 |    48 ||   161
         Tailslap          |    16 |     4 ||    20
    Use: Scroll            |     1 |       ||     1
   Stab: Sleeping          |     2 |       ||     2
 Armour: Skin              |    34 |    15 ||    49
  Dodge: Dodged            |    79 |    38 ||   117
